 Dungeon Crawl Stone Soup version 0.21-a0-193-g085b6a0 (webtiles) character file.

4050 brauuuuuun the Carver (level 10, -14/108 HPs)
             Began as an Octopode Berserker on Aug 14, 2017.
             Was an Elder of Trog.
             Demolished by an eight-headed hydra (15 damage)
             ... on level 8 of the Dungeon.
             The game lasted 00:10:45 (8294 turns).

brauuuuuun the Carver (Octopode Berserker)          Turns: 8294, Time: 00:10:46

Health: -14/108    AC:  3    Str: 23    XL:     10   Next: 24%
Magic:  10/10      EV: 18    Int:  9    God:    Trog [****..]
Gold:   172        SH:  0    Dex: 14    Spells: 9/9 levels left

rFire    . . .     SeeInvis .   a - +0 falchion
rCold    . . .     Gourm    .   (no shield)
rNeg     . . .     Faith    .   t - +2 hat
rPois    .         Spirit   .   (no amulet)
rElec    .         Reflect  .   k - +4 ring of slaying
rCorr    .         Harm     .   (no ring)
MR       .....                  (no ring)
Stlth    ..........             (no ring)
HPRegen  0.28/turn              (no ring)
MPRegen  0.12/turn              (no ring)
                                (no ring)
                                (no ring)

@: berserking, very quick
A: almost no armour, stealthy swim, amphibious, 8 rings, constrict 8, camouflage
1, gelatinous body 1
a: Berserk, Trog's Hand, Brothers in Arms, Burn Spellbooks, Renounce Religion


You were on level 8 of the Dungeon.
You worshipped Trog.
Trog was greatly pleased with you.
You were hungry.

You visited 1 branch of the dungeon, and saw 8 of its levels.
You also visited: Sewer.

You collected 386 gold pieces.
You spent 214 gold pieces at shops.

Inventory:

Hand Weapons
 a - a +0 falchion (weapon)
 h - a +0 hand crossbow
Missiles
 l - 261 stones (quivered)
Armour
 t - a +2 hat (worn)
Jewellery
 k - a +4 ring of slaying (left tentacle)
 x - an uncursed amulet of magic regeneration {unknown}
 y - a cursed ring of loudness {unknown}
Wands
 g - a wand of acid (5/15)
 r - a wand of random effects (22/48)
Scrolls
 d - 2 scrolls of enchant armour
 i - a scroll of amnesia
 j - 5 scrolls of remove curse
 v - a scroll of fog
Potions
 e - 3 potions of haste
 f - 4 potions of magic
 m - 2 potions of might
 o - 2 potions of cancellation
 q - a potion of brilliance
 s - a potion of berserk rage {unknown}
 u - a potion of degeneration
 w - a potion of mutation {unknown}
 z - a potion of agility {unknown}
Comestibles
 b - 5 bread rations
 c - 4 meat rations
 n - 9 royal jellies
 p - 16 fruits
 A - a chunk of flesh


   Skills:
 + Level 7.6 Fighting
 * Level 10.8 Long Blades
 + Level 7.8 Dodging


You had 9 spell levels left.
You didn't know any spells.

Dungeon Overview and Level Annotations

Branches:
Dungeon (8/15)             Temple (0/1) D:6
   Lair: D:8-11

Altars:
Zin

Shops:
D:5 [([:[   D:7 [*


Innate Abilities, Weirdness & Mutations

You cannot wear most types of armour.
You are very stealthy in the water. (Stealth+)
You are amphibious.
You can wear up to eight rings at the same time.
You can use your tentacles to constrict eight enemies at once.
Your skin changes colour to match your surroundings (Stealth+).
Your rubbery body absorbs attacks. (AC +1, EV +1)


Message History

The six-headed hydra misses you. The six-headed hydra bites you! x3
* * * LOW HITPOINT WARNING * * *
You hack one of the six-headed hydra's heads off!
The five-headed hydra grows two more!
You slice the seven-headed hydra!!
The seven-headed hydra is heavily wounded.
You lop one of the seven-headed hydra's heads off!
The six-headed hydra grows two more!
You slash the eight-headed hydra!
The eight-headed hydra is heavily wounded.
The eight-headed hydra barely misses you.
You riposte.
You barely miss the eight-headed hydra.
The eight-headed hydra is heavily wounded.
The eight-headed hydra bites you!
* * * LOW HITPOINT WARNING * * *
The eight-headed hydra misses you. The eight-headed hydra bites you.
* * * LOW HITPOINT WARNING * * *
The eight-headed hydra bites you!
* * * LOW HITPOINT WARNING * * *
The eight-headed hydra closely misses you.
The eight-headed hydra bites you!
You die...

....... ####### . .#.#
. ....
.####..##########
...#..#.KD@....#
#######.....#).#.....#
............#+###'''##
##..........#.≈P.....#
#.####.....#P≈≈.....#
#.# ##.#...#≈)P..P..#
#.# #(.....#P≈......#
#.# #..#...#PP≈)≈.≈.#
#.# #..##.######.####


You could see an eight-headed hydra and a big kobold.

Vanquished Creatures
  Joseph (D:7)
  The ghost of p0werm0de the Gusty, an amateur DsAE of Wu Jian (D:4)
  2 dream sheep (D:8)
  2 yaks (D:8)
  A hungry ghost (D:8)
  An orc warrior (D:8)
  4 sky beasts
  An ice beast (D:6)
  3 ogres
  A black bear (D:7)
  A phantom (D:7)
  2 centaurs (D:7)
  A crocodile (Sewer)
  2 big kobolds (D:8)
  2 bullfrogs (D:7)
  3 scorpions
  A water moccasin skeleton (D:7)
  A centaur zombie (D:7)
  A jelly (D:5)
  2 orc priests
  Crazy Yiuf (D:7)
  7 hounds
  Ijyb (D:5)
  3 iguanas
  3 orc wizards
  8 worker ants
  A hound zombie (D:7)
  A hound skeleton (D:6)
  Robin (D:4)
  11 adders
  3 gnolls (D:6)
  A river rat (D:6)
  2 shadow imps
  2 oozes
  An adder skeleton (D:7)
  8 worms
  2 dart slugs
  7 leopard geckos
  23 orcs
  9 bats
  5 giant cockroaches
  14 goblins
  8 hobgoblins
  9 jackals
  3 quokkas
  2 ball pythons
  5 frilled lizards
  5 kobolds
  8 rats
187 creatures vanquished.

Notes
Turn   | Place    | Note
-------+----------+-------------------------------------------
     0 | D:1      | brauuuuuun the Octopode Berserker began the quest for the Orb.
     0 | D:1      | Reached XP level 1. HP: 16/16 MP: 1/1
   151 | D:1      | Reached XP level 2. HP: 19/21 MP: 2/2
   423 | D:1      | Reached skill level 4 in Long Blades
   690 | D:2      | Reached XP level 3. HP: 26/26 MP: 3/3
  1028 | D:2      | Reached XP level 4. HP: 31/31 MP: 4/4
  1093 | D:2      | Reached ** piety under Trog
  1806 | D:3      | Reached XP level 5. HP: 23/36 MP: 5/5
  2202 | D:3      | Reached skill level 5 in Long Blades
  2407 | D:4      | Noticed an ogre
  2413 | D:4      | Killed an ogre
  2413 | D:4      | Reached XP level 6. HP: 43/43 MP: 6/6
  2826 | D:4      | Found a glowing silver altar of Zin.
  2929 | D:4      | Reached skill level 6 in Long Blades
  2929 | D:4      | Reached XP level 7. HP: 48/48 MP: 7/7
  2966 | D:4      | Noticed p0werm0de's ghost (amateur DsAE)
  2978 | D:4      | Killed p0werm0de's ghost
  3064 | D:4      | Reached skill level 5 in Dodging
  3331 | D:4      | Noticed Robin
  3337 | D:4      | Reached *** piety under Trog
  3339 | D:4      | Killed Robin
  3342 | D:4      | Reached skill level 7 in Long Blades
  3352 | D:4      | Received a gift from Trog
  3667 | D:5      | Entered Level 5 of the Dungeon
  3667 | D:5      | Noticed Ijyb
  3672 | D:5      | Killed Ijyb
  3672 | D:5      | Reached XP level 8. HP: 54/54 MP: 8/8
  3708 | D:5      | Reached skill level 5 in Fighting
  3940 | D:5      | Found Ciomuj's Book Shoppe.
  4065 | D:5      | Found Hanomi's Antique Armour Shop.
  4204 | D:5      | Found Iceu's Armour Shoppe.
  4224 | D:5      | Bought a +1 hat for 121 gold pieces
  4241 | D:5      | Found Susivegi's Antique Armour Boutique.
  4437 | D:5      | Found Oxeeneum's Antique Weapon Boutique.
  4782 | D:6      | Found a staircase to the Ecumenical Temple.
  4854 | D:6      | Found a glowing drain.
  4867 | D:6      | Reached skill level 8 in Long Blades
  4920 | Sewer    | Entered a sewer
  5774 | D:6      | Reached XP level 9. HP: 60/62 MP: 9/9
  6314 | D:6      | Reached **** piety under Trog
  6314 | D:6      | Reached skill level 9 in Long Blades
  6858 | D:7      | Found Oferenew's Armour Shoppe.
  6937 | D:7      | Found a runed door.
  6941 | D:7      | Noticed Crazy Yiuf
  6947 | D:7      | Killed Crazy Yiuf
  7258 | D:7      | Found Odehaekk's Assorted Antiques.
  7264 | D:7      | Bought a scroll labeled TOYW ULASCHIMI for 19 gold pieces
  7264 | D:7      | Bought a scroll labeled EMOAGE BYBAICU for 19 gold pieces
  7412 | D:7      | Bought a viscous ruby potion for 17 gold pieces
  7412 | D:7      | Bought a scroll of identify for 38 gold pieces
  7436 | D:7      | Noticed Joseph
  7454 | D:7      | Killed Joseph
  7454 | D:7      | Reached skill level 10 in Long Blades
  7927 | D:8      | Reached XP level 10. HP: 44/71 MP: 10/10
  8285 | D:8      | Noticed a three-headed hydra
  8294 | D:8      | HP: 1/108 [eight-headed hydra (15)]
  8294 | D:8      | Demolished by an eight-headed hydra

Vault maps used:
D:1:      scummos_arrival_star, hex_medium
D:2:      roderic_lattice_a, uniq_sigmund
D:4:      zin_treasury, first_bread, kennysheep_dice, uniq_robin
D:5:      serial_shops, shop, shop, shop, shop,
          nicolae_shop_competitors_out_of_business, serial_bayou_pond_d,
          uniq_ijyb
D:6:      minmay_temple_entry_fiery, portal_sewer_entry_c, grunt_ministairs_5,
          serial_bayou_pond_c
D:7:      serial_shops, nicolae_shop_overgrown_old_shop,
          nicolae_shop_temple_entry_statues_fountains, st_stairs_11,
          uniq_crazy_yiuf_cottage, uniq_joseph
D:8:      kennysheep_little_box, hangedman_ranch
Sewer:    sewer_big_baddie

Skill      XL: |  1  2  3  4  5  6  7  8  9 |
---------------+----------------------------+-----
Long Blades    | 4 5 6 7 8 10 | 10.8
Dodging        | 4 5 6 7 |  7.8
Fighting       | 4 6 7 |  7.6

Action                   |  1- 3 |  4- 6 |  7- 9 | 10-12 || total
-------------------------+-------+-------+-------+-------++-------
Melee: Falchion          |    42 |    64 |   271 |    23 ||   400
       Constrict         |    15 |    20 |    72 |     5 ||   112
       Tentacles         |     7 |    17 |    77 |     6 ||   107
Invok: Berserk           |       |     1 |     4 |     2 ||     7
  Use: Scroll            |     3 |       |    12 |       ||    15
       Potion            |       |     3 |     2 |       ||     5
 Stab: Sleeping          |     8 |     3 |    11 |       ||    22
  Eat: Chunk             |       |     7 |    19 |     5 ||    31
Armor: Skin              |     2 |     1 |    22 |       ||    25
Dodge: Dodged            |    21 |    43 |   160 |    21 ||   245
       Rpst.: Falchion   |     6 |    21 |    46 |     7 ||    80
